 Dungeon Crawl Stone Soup version 0.28-b1-70-g80dc712255 (webtiles) character file.

Game seed: 16822972666503366830

481 joshe the Conjurer (level 6, -3/32 HPs)
             Began as a Deep Elf Conjurer on Feb 3, 2022.
             Succumbed to a kobold brigand's curare-tipped dart
             ... on level 4 of the Dungeon on Feb 4, 2022.
             The game lasted 00:26:41 (4708 turns).

joshe the Conjurer (Deep Elf Conjurer)              Turns: 4708, Time: 00:26:41

Health: -3/32      AC:  4    Str:  4    XL:     6   Next: 87%
Magic:  10/15      EV: 17    Int: 25    God:
Gold:   125        SH:  0    Dex: 13    Spells: 4/15 levels left

rFire   . . .      SeeInvis .   (no weapon)
rCold   . . .      Faith    .   (no shield)
rNeg    + . .      Spirit   .   a - +0 robe
rPois   .          Reflect  .   g - +0 helmet
rElec   .          Harm     .   (no cloak)
rCorr   .          Rampage  .   i - +0 pair of gloves
Will    .....                   (no boots)
Stlth   ++........              (no amulet)
HPRegen 0.10/turn               f - ring of positive energy
MPRegen 0.14/turn               h - +4 ring of evasion

@: lethally poisoned (-3 -> -38)
A: no striking features
a: no special abilities


You were on level 4 of the Dungeon.
You visited 1 branch of the dungeon, and saw 4 of its levels.

You collected 125 gold pieces.

Inventory:

Missiles
 r - 3 poisoned darts
Armour
 a - a +0 robe (worn)
 g - a +0 helmet (worn)
 i - a +0 pair of gloves (worn)
Jewellery
 f - a ring of positive energy (left hand)
 h - a +4 ring of evasion (right hand)
Scrolls
 c - a scroll of blinking {unknown}
 k - 3 scrolls of teleportation {unknown}
 l - a scroll of noise {unknown}
 n - a scroll of magic mapping {unknown}
 o - a scroll of amnesia {unknown}
 q - a scroll of identify {unknown}
Potions
 b - a potion of attraction {unknown}
 d - a potion of brilliance {unknown}
 e - a potion of cancellation
 j - 2 potions of haste {unknown}
 m - a potion of lignification {unknown}
 p - a potion of flight {unknown}


   Skills:
 - Level 4.0 Dodging
 - Level 3.0 Stealth
 - Level 5.1 Spellcasting
 + Level 7.7 Conjurations


You had 4 spell levels left.
You knew the following spells:

 Your Spells              Type           Power      Damage    Failure   Level
a - Magic Dart            Conj           100%       1d8       1%          1
b - Searing Ray           Conj           90%        2d7       1%          2
c - Fulminant Prism       Conj/Hex       12%        3d9       17%         4
d - Iskenderun's Mystic   Conj/Tloc      25%        2d7       17%         4

Your spell library contained the following spells:

 Spells                   Type           Power      Damage    Failure   Level
 Dazzling Flash           Conj/Hex       50%        N/A       4%          3


Dungeon Overview and Level Annotations

Branches:
Dungeon (4/15)
 Temple: D:4-7

Altars:
Dithmenos
Makhleb

Shops:
D:3 :

Annotations:
D:4 Grinder


Message History

An endoplasm comes into view.
The magic dart hits the endoplasm.
The endoplasm is heavily wounded.
The endoplasm quivers.
The magic dart hits the endoplasm.
The endoplasm is severely wounded.
The magic dart hits the endoplasm but does no damage.
The endoplasm is severely wounded.
The magic dart hits the endoplasm.
You kill the endoplasm!
You start resting.
Magic restored.
A kobold brigand comes into view.
It is wielding a +0 dagger and quivering curare-tipped darts.
The magic dart hits the kobold brigand.
The kobold brigand is lightly wounded.
The kobold brigand shouts!
The kobold brigand throws a curare-tipped dart.
The curare-tipped dart hits you.
You are poisoned.
You have difficulty breathing.
You feel yourself slow down.
Casting: Magic Dart (safe; 1% risk of failure)
Confirm with . or Enter, or press ? or * to list all spells.
The spell is extremely dangerous to miscast (17% risk of failure)!
Continue anyway?
Aiming: Fulminant Prism (extremely dangerous; 17% risk of failure)
Press: ? - help, Dir - move target, p - kobold brigand You conjure a prism of explosive energy!
A fulminant prism comes into view.
You feel very sick.
The kobold brigand throws a curare-tipped dart.
The curare-tipped dart completely misses your fulminant prism.
The curare-tipped dart hits you.
You are lethally poisoned!
You have difficulty breathing.
* * * LOW HITPOINT WARNING * * *
You feel as though you will be slow longer.
It was a potion of cancellation.
Your magical effects are unravelling.
You feel magically purged.
You feel yourself speed up.
You die...

################
......K.*...@..#
##.######.#
#.######.#
#........#
#.#####..#########
######.#
#..........#
#......#
#..#######.#
#.####.# #..# #.#
#.#####..# #.#


You could see a kobold brigand (ally target) and a friendly fulminant prism.

Vanquished Creatures
  Sigmund (D:2)
  2 jellies
  Jessica (D:2)
  An orc wizard (D:3)
  Terence (D:3)
  Robin (D:2)
  4 gnolls (D:3)
  An adder (D:3)
  A worm (D:3)
  6 orcs
  10 ball pythons
  6 endoplasms
  4 giant cockroaches
  19 goblins
  7 hobgoblins
  13 jackals
  2 quokkas (D:2)
  6 bats
  13 frilled lizards
  6 kobolds
  6 rats
111 creatures vanquished.

Vanquished Creatures (others)
  3 fulminant prisms (D:3)
  3 fungi (D:1)
  21 plants
27 creatures vanquished.

Grand Total: 138 creatures vanquished

Notes
Turn   | Place    | Note
-------+----------+-------------------------------------------
     0 | D:1      | joshe the Deep Elf Conjurer began the quest for the Orb.
     0 | D:1      | Reached XP level 1. HP: 10/10 MP: 6/6
   243 | D:1      | Reached XP level 2. HP: 15/15 MP: 4/8
   247 | D:1      | Learned a level 2 spell: Searing Ray
   450 | D:1      | Reached skill level 5 in Conjurations
   739 | D:1      | Reached XP level 3. HP: 19/19 MP: 3/10
   952 | D:1      | Found a faded altar of an unknown god.
  1614 | D:2      | Noticed Sigmund
  1703 | D:2      | Noticed Robin
  1711 | D:2      | Killed Robin
  1712 | D:2      | Reached skill level 5 in Spellcasting
  1712 | D:2      | Reached XP level 4. HP: 24/24 MP: 1/13
  2096 | D:2      | Learned a level 4 spell: Fulminant Prism
  2101 | D:2      | Learned a level 4 spell: Iskenderun's Mystic Blast
  2190 | D:2      | Noticed Jessica
  2195 | D:2      | Killed Jessica
  2877 | D:2      | Killed Sigmund
  2878 | D:2      | Reached skill level 7 in Conjurations
  2878 | D:2      | Reached XP level 5. HP: 28/28 MP: 4/14
  2878 | D:2      | Reached XP level 6. HP: 32/32 MP: 4/15
  3142 | D:3      | Noticed Terence
  3194 | D:3      | Killed Terence
  3451 | D:3      | Found a burning altar of Makhleb.
  3451 | D:3      | Found a shadowy altar of Dithmenos.
  4176 | D:3      | Found Beti's Book Emporium.
  4494 | D:4      | Noticed Grinder
  4708 | D:4      | Succumbed to a kobold brigand's curare-tipped dart

Illustrated notes

Levels and vault maps discovered:
D:1:      minmay_arrival_open_corners, layout_loops_ring,
          shapermc_ecumenical_altar_mp_urbaneastern,
          wad_floor_pattern_untrapped, minivault_25
D:2:      layout_loops_corners, kennysheep_decorative_pillar,
          minmay_lizard_king, uniq_jessica, uniq_sigmund, uniq_robin
D:3:      layout_basic, gammafunk_temple_overflow_elements, serial_shops, shop,
          serial_bayou_pond_a, uniq_terence
D:4:      layout_loops_ring, mainiacjoe_overflow_tiny_flanked, uniq_grinder

Skill      XL: |  1  2  3  4  5  6 |
---------------+-------------------+-----
Dodging        | 3 4 |  4.0
Conjurations   | 5 7 |  7.7
Spellcasting   | 5 |  5.1
Stealth        | 3 |  3.0

Action                   |  1- 3 |  4- 6 || total
-------------------------+-------+-------++-------
Melee: Unarmed           |     1 |       ||     1
 Cast: Magic Dart        |    64 |    74 ||   138
       Searing Ray       |     7 |    19 ||    26
       Fulminant Prism   |       |     4 ||     4
  Use: Potion            |       |     1 ||     1
Armor: Robe              |     4 |       ||     4
Dodge: Dodged            |     5 |     8 ||    13
